 Dungeon Crawl Stone Soup version 0.28-a0-1505-g8c907de (webtiles) character file.

Game seed: 16825390127360281301

793 Illumine the Stinger (level 7, -7/55 HPs)
             Began as a Naga Venom Mage on Jan 12, 2022.
             Was an Initiate of Ashenzari.
             Hit by a large rock thrown by a cyclops (37 damage)
             ... on level 6 of the Dungeon on Jan 13, 2022.
             The game lasted 00:11:59 (4847 turns).

Illumine the Stinger (Naga Venom Mage)              Turns: 4847, Time: 00:12:00

Health: -7/55      AC:  4    Str: 10    XL:     7   Next: 88%
Magic:  14/22      EV:  9    Int: 18    God:    Ashenzari [......]
Gold:   181        SH:  0    Dex: 11    Spells: 8/14 levels left

rFire   . . .      SeeInvis +   g - +3 dagger (vamp)
rCold   . . .      Faith    .   (no shield)
rNeg    . . .      Spirit   .   a - +0 robe
rPois   +          Reflect  .   (no helmet)
rElec   .          Harm     .   j - +0 cloak
rCorr   .          Rampage  .   (no gloves)
Will    .....                   (no barding)
Stlth   +++.......              (no amulet)
HPRegen 0.18/turn               b - +4 ring of slaying
MPRegen 0.18/turn               d - ring "Lashed Jealousy" {MP+9, Melee, Alch} (curse)

@: very slow
A: AC +2, large, see invisible, deformed body, poison resistance, slowness 2,
spit poison 1, naga tail 1
a: Spit Poison, Renounce Religion, Shatter the Chains


You were on level 6 of the Dungeon.
You worshipped Ashenzari.
Ashenzari was noncommittal.
You visited 1 branch of the dungeon, and saw 6 of its levels.

You collected 181 gold pieces.

Inventory:

Hand Weapons
 g - a +3 vampiric dagger (weapon)
Armour
 a - a +0 robe (worn)
 j - a +0 cloak (worn)
Jewellery
 b - a +4 ring of slaying (left hand)
 d - the cursed ring "Lashed Jealousy" (right hand) {MP+9, Melee, Alch}
   (You found it on level 1 of the Dungeon)

   [ring of magical power]

   MP:        It affects your magic capacity (+9).
   It has a curse which improves the following skills: Melee Combat: Short
   Blades, Long Blades, Axes, Maces & Flails, Polearms, Staves and Unarmed
   Combat.
   Alchemy:   Poison Magic and Transmutations.
 p - a ring of positive energy
 s - a ring of ice
Scrolls
 c - 5 scrolls of teleportation {unknown}
 e - 2 scrolls of blinking
 f - 2 scrolls of immolation {unknown}
 i - a scroll of fog {unknown}
 l - a scroll of magic mapping {unknown}
 n - a scroll of noise {unknown}
 q - 2 scrolls of enchant weapon
 u - 2 scrolls of identify {unknown}
 v - 3 scrolls of fear {unknown}
Potions
 h - a potion of heal wounds {unknown}
 k - a potion of curing
 m - a potion of might {unknown}
 o - a potion of invisibility {unknown}
 r - a potion of mutation {unknown}
 t - a potion of resistance {unknown}


   Skills:
 - Level 1.5 Dodging
 + Level 6.2 Stealth
 + Level 4.0 Spellcasting
 + Level 3.2 Conjurations
 - Level 2.0(2.3) Transmutations
 + Level 3.3 Air Magic
 + Level 6.5(6.9) Poison Magic


You had 8 spell levels left.
You knew the following spells:

 Your Spells              Type           Power      Damage    Failure   Level
a - Sting                 Tmut/Pois      80%        1d7       2%          1
b - Poisonous Vapours     Pois/Air       44%        N/A       2%          2
c - Mephitic Cloud        Conj/Pois/Air  19%        N/A       7%          3

Your spell library contained the following spells:

 Spells                   Type           Power      Damage    Failure   Level
 Shock                    Conj/Air       60%        1d6       3%          1
 Olgreb's Toxic Radiance  Pois           28%        N/A       9%          4
 Swiftness                Air            15%        N/A       11%         3
 Passwall                 Tmut/Erth      5%         N/A       14%         2
 Ensorcelled Hibernation  Hex/Ice        6%         N/A       22%         2
 Airstrike                Air            7%         N/A       36%         4


Dungeon Overview and Level Annotations

Branches:
Dungeon (6/15)             Temple (0/1) D:6

Altars:
Ashenzari
Makhleb
Yredelemnul
Beogh

Annotations:
D:3 3 runed translucent doors, AlexanderH's ghost, amateur DrAE


Innate Abilities, Weirdness & Mutations

Your serpentine skin is tough. (AC +2)
You have supernaturally acute eyesight. (SInv)
Armour fits poorly on your strangely shaped body.
Your system is resistant to poisons. (rPois)
You cover ground very slowly.
You can spit poison.
You have a snake-like lower body.


Message History

Nothing appears to happen.
Aiming: Spit Poison (1% risk of failure)
Press: ? - help, Shift-Dir - straight line, f/p - Sigmund
Aim: Sigmund, wielding a +0 scythe and wearing a +0 robe (lightly wounded, slightly transparent, very poisoned, 54% to hit)
The splash of poison hits Sigmund!
Sigmund looks as sick as possible!
Sigmund is moderately wounded.
Unknown command.
Casting: Poisonous Vapours (safe; 3% risk of failure)
Confirm with . or Enter, or press ? or * to list all spells.
Okay, then.
Casting: Poisonous Vapours (safe; 3% risk of failure)
Confirm with . or Enter, or press ? or * to list all spells.
Aiming: Mephitic Cloud (dangerous; 8% risk of failure)
Press: ? - help, Shift-Dir - straight line, f/p - Sigmund
Aim: Sigmund, wielding a +0 scythe and wearing a +0 robe (heavily wounded, slightly transparent, extremely poisoned, chance to affect: 86%)
The ball explodes into a vile cloud!
The stinking cloud engulfs Sigmund but does no damage.
Sigmund is heavily wounded.
Sigmund is engulfed in noxious fumes.
Sigmund appears confused.
Sigmund is engulfed in noxious fumes.
Sigmund appears confused.
Sigmund is engulfed in noxious fumes.
Sigmund appears confused.
You have got your breath back.
Sigmund barely misses you.
A cyclops comes into view.
You hit Sigmund.
Sigmund is almost dead.
You kill Sigmund!
Your magical contamination has completely faded away.
Your Stealth skill increases to level 6!
Your Spellcasting skill increases to level 4!
Your Conjurations skill increases to level 3!
The cyclops throws a large rock.
The large rock hits you!!
Things that are here:
a +0 scythe; a +0 robe; the human corpse of Sigmund
Casting: Mephitic Cloud (dangerous; 7% risk of failure)
Confirm with . or Enter, or press ? or * to list all spells.
Okay, then.
The cyclops throws a large rock.
The large rock hits you!!!
Ouch! That really hurt!
You die...

# #..#.. #.#..#.#
#.#..#.#####
#..........#
#..........#
#..........########## .
#............<.......
...#...##'###...........
##.######.# #...@.......
..........# #...........
........### ###.).####..
........# #..........
........######.8.8.8....
........'....5..⌠.⌠...##
........######.8.>.8..#
................⌠C⌠.....
...............8.8.8..##


You could see a cyclops and a white imp (wandering).

Vanquished Creatures
  Sigmund (D:6)
  An ogre (D:5)
  2 phantoms
  A scorpion (D:4)
  A bullfrog zombie (D:5)
  2 hounds (D:5)
  An orc priest (D:6)
  A bullfrog skeleton (D:5)
  An iguana (D:4)
  An orc wizard (D:6)
  A hound skeleton (D:5)
  7 adders
  An adder zombie (D:3)
  2 worms
  A dart slug (D:3)
  9 orcs
  7 endoplasms
  4 giant cockroaches
  12 goblins
  3 hobgoblins
  A quokka (D:2)
  5 ball pythons
  8 bats
  2 frilled lizards
  A jackal skeleton (D:4)
  A jackal zombie (D:3)
  5 kobolds
  6 rats
88 creatures vanquished.

Vanquished Creatures (others)
  3 fungi (D:2)
  5 plants (D:2)
8 creatures vanquished.

Grand Total: 96 creatures vanquished

Notes
Turn   | Place    | Note
-------+----------+-------------------------------------------
     0 | D:1      | Illumine the Naga Venom Mage began the quest for the Orb.
     0 | D:1      | Reached XP level 1. HP: 15/15 MP: 3/3
   303 | D:1      | Reached XP level 2. HP: 22/22 MP: 3/5
   312 | D:1      | Learned a level 2 spell: Poisonous Vapours
   888 | D:2      | Reached XP level 3. HP: 17/28 MP: 6/6
  1018 | D:2      | Learned a level 3 spell: Mephitic Cloud
  1672 | D:2      | Found a faded altar of an unknown god.
  1747 | D:2      | Reached skill level 1 in Air Magic
  1754 | D:2      | Reached XP level 4. HP: 31/36 MP: 7/7
  2205 | D:3      | Identified the +0 leather armour "Wyxzaq" {rPois rF- rC++
                  | rCorr}
  2514 | D:3      | Reached skill level 1 in Conjurations
  2541 | D:3      | Found a burning altar of Makhleb.
  2578 | D:3      | Found a runed translucent gate.
  2579 | D:3      | Found a runed translucent gate.
  2580 | D:3      | Found a runed translucent gate.
  2580 | D:3      | Noticed AlexanderH's ghost (amateur DrAE)
  2585 | D:3      | Identified the +0 chain mail of the Game Afoot {rN+ Str-5
                  | Stlth+}
  2664 | D:3      | Found a basalt altar of Yredelemnul.
  2777 | D:4      | Noticed a phantom
  2800 | D:3      | Killed a phantom
  2801 | D:3      | Reached skill level 5 in Poison Magic
  2801 | D:3      | Reached XP level 5. HP: 16/42 MP: 9/9
  3069 | D:4      | Upgraded the game from 0.28-a0-1504-g839a445 to
                  | 0.28-a0-1505-g8c907de
  3103 | D:4      | Found a broken altar of Ashenzari.
  3117 | D:4      | Became a worshipper of Ashenzari the Shackled
  3496 | D:4      | Reached XP level 6. HP: 49/49 MP: 10/10
  3808 | D:5      | Entered Level 5 of the Dungeon
  3992 | D:5      | Reached skill level 5 in Stealth
  4343 | D:5      | Reached XP level 7. HP: 55/55 MP: 12/12
  4829 | D:6      | Found a staircase to the Ecumenical Temple.
  4832 | D:6      | Noticed Sigmund
  4843 | D:6      | Noticed a cyclops
  4844 | D:6      | Killed Sigmund
  4847 | D:6      | Hit by a large rock thrown by a cyclops

Illustrated notes

Levels and vault maps discovered:
D:1:      minmay_arrival_wavy_path, layout_rooms, minmay_misc_feat_more_columns
D:2:      layout_basic, dreamdust_ecumenical_altar_hidden_monk_grotto,
          uniq_crazy_yiuf_cottage
D:3:      layout_rooms, nicolae_overflow_crystal_walls,
          lemuel_zombie_altar_yredelemnul, biasface_ghost_orc_armoury,
          minmay_misc_feat_rugged
D:4:      layout_basic, cheibrodos_ashenzari_chains, grunt_decor_arrowhead
D:5:      layout_cave_pods, mainiacjoe_overflow_large_starburst
D:6:      layout_basic, minmay_temple_entry_statues_fountains, uniq_sigmund

Skill      XL: |  1  2  3  4  5  6  7 |
---------------+----------------------+-----
Transmutations | 2 |  2.0
Air Magic      | 1 2 3 |  3.3
Conjurations   | 1 2 3 |  3.2
Stealth        | 4 5 6 |  6.2
Spellcasting   | 3 4 |  4.0
Poison Magic   | 5 6 |  6.5
Dodging        | |  1.5

Action                   |  1- 3 |  4- 6 |  7- 9 || total
-------------------------+-------+-------+-------++-------
Melee: Unarmed           |     3 |       |       ||     3
       Dagger            |    16 |    76 |    26 ||   118
       Punch             |       |     1 |       ||     1
 Cast: Sting             |    42 |    35 |     3 ||    80
       Poisonous Vapours |     5 |    25 |    10 ||    40
       Mephitic Cloud    |       |       |     1 ||     1
Invok: Curse Item        |       |     1 |       ||     1
 Abil: Spit Poison       |    27 |     6 |     3 ||    36
  Use: Scroll            |     1 |     1 |       ||     2
 Stab: Sleeping          |       |     4 |       ||     4
Armor: Robe              |    15 |    19 |     6 ||    40
Dodge: Dodged            |    33 |    30 |    13 ||    76

Table legend: (Time is in decaauts)
 A = Elapsed time spent in this place.
 B = Non-inter-level travel time spent in this place.
 C = Inter-level travel time spent in this place.
 D = Time resting spent in this place.
 E = Time spent auto-exploring this place.
 F = Levels seen in this place.
 G = Mean time per level.
                   A        B        C        D        E       F      G
               +--------+--------+--------+--------+--------+-----+--------+
         Total |   5825 |   5650 |    175 |   1699 |   2781 |   6 |  970.8 |
       Dungeon |   5825 |   5650 |    175 |   1699 |   2781 |   6 |  970.8 |
               +--------+--------+--------+--------+--------+-----+--------+

Top non-repeatable levels by time:
     D:2: 1340 daAuts
     D:1: 1222 daAuts
     D:4: 1090 daAuts
     D:3: 988 daAuts
     D:5: 908 daAuts
     D:6: 275 daAuts
